 Dungeon Crawl Stone Soup version 0.30-a0-1112-gfb780f5df6 (webtiles) character file.

Game seed: 6981888853890044425

83 NinjaNoafa the Magician (level 4, 0/33 HPs)
             Began as a Djinni Fire Elementalist on Apr 19, 2023.
             Slain by an orc
             ... wielding a +0 dagger
              (3 damage)
             ... on level 3 of the Dungeon.
             The game lasted 00:03:31 (1606 turns).

NinjaNoafa the Magician (Djinni Fire Elementalist)  Turns: 1606, Time: 00:03:31

Health: 0/33       AC:  2    Str:  7    XL:     4   Next: 71%
Gold:   135        EV: 12    Int: 24    God:
                   SH:  0    Dex: 14

rFire   + + .      SeeInvis .    d - +0 dagger
rCold   x . .      Faith    .    (no shield)
rNeg    . . .      Spirit   .    a - +0 robe
rPois   ∞          Reflect  .    (no helmet)
rElec   .          Rampage  .    (no cloak)
rCorr   .                        (no gloves)
Will    .....                    (boots unavailable)
Stlth   ++                       (no amulet)
HPRegen 0.25/turn                g - +6 ring of intelligence
MPRegen 0.00/turn                (no ring)

@: flying, very slightly contaminated
A: sickness immunity, fire resistance 2, cold vulnerability 1, float, innate
caster, HP casting, extra vitality 1
a: no special abilities


You were on level 3 of the Dungeon.
You visited 1 branch of the dungeon, and saw 3 of its levels.

You collected 135 gold pieces.

Inventory:

Hand Weapons
 d - a +0 dagger (weapon)
Armour
 a - a +0 robe (worn)
Jewellery
 g - a +6 ring of intelligence (left hand)
Scrolls
 b - a scroll of fear {unknown}
 c - 2 scrolls of brand weapon {unknown}
 e - a scroll of magic mapping {unknown}
 f - a scroll of acquirement {unknown}
 j - a scroll of enchant weapon {unknown}
 m - a scroll of blinking {unknown}
 n - a scroll of identify {unknown}
 o - a scroll of enchant armour {unknown}
 p - a scroll of poison {unknown}
 q - a scroll of fog {unknown}
Potions
 h - a potion of degeneration {unknown}
 i - a potion of flight
 k - a potion of heal wounds {unknown}
 l - a potion of lignification {unknown}


   Skills:
 + Level 2.0 Fighting
 - Level 2.1 Dodging
 - Level 1.5 Stealth
 * Level 3.5 Spellcasting


You knew the following spells:

 Your Spells              Type           Power      Damage    Failure   Level
a - Foxfire               Conj/Fire      84%        2x1d8     2%          1
b - Scorch                Fire           42%        2d6       3%          2
c - Volatile Blastmotes   Fire/Tloc      42%        2d13      7%          3
d - Inner Flame           Hex/Fire       21%        N/A       7%          3
e - Flame Wave            Conj/Fire      21%        2d8       24%         4
f - Beastly Appendage     Tmut           42%        N/A       2%          1
Your spell library was empty.

Dungeon Overview and Level Annotations

Branches:
Dungeon (3/15)

Altars:


Innate Abilities, Weirdness & Mutations

You are immune to sickness and miasma.
You are immune to poison.
Your flesh is very heat resistant. (rF++)
You are vulnerable to cold. (rC-)
You float through the air rather than walking.
You learn spells naturally, not from books.
Your magical power is your life essence.
You have superior vitality. (+4 MHP)


Message History

The concussive blast engulfs you. You resist.
You are knocked back by the blast.
Your Fighting skill increases to level 2!
Casting: Volatile Blastmotes (quite dangerous; 7% risk of failure)
Confirm with . or Enter, or press ? or * to list all spells.
Aiming: Inner Flame (quite dangerous; 7% risk of failure)
Press: ? - help, Dir - move target, f - orc
Aim: an orc, wielding a +0 dagger, wearing a +0 scale mail and quivering stones (chance to affect: 88%)
The orc is filled with an inner flame.
* * * LOW HITPOINT WARNING * * *
Unknown command.
Casting: Inner Flame (quite dangerous; 7% risk of failure)
Confirm with . or Enter, or press ? or * to list all spells.
You conjure some foxfire!
* * * LOW HITPOINT WARNING * * *
Unknown command.
The foxfire hits the orc but does no damage. x2
Casting: Foxfire (safe; 2% risk of failure)
Confirm with . or Enter, or press ? or * to list all spells.
Aiming: Inner Flame (quite dangerous; 7% risk of failure)
Press: ? - help, Dir - move target, f - orc, p - orc
Aim: an orc, wielding a +0 whip and wearing a +0 scale mail (chance to affect: 88%)
The orc is filled with an inner flame.
* * * LOW HITPOINT WARNING * * *
Unknown command.
You see here a rat corpse.
Casting: Inner Flame (quite dangerous; 7% risk of failure)
Confirm with . or Enter, or press ? or * to list all spells.
You miscast Volatile Blastmotes.
You are very lightly contaminated with residual magic.
Nothing appears to happen.
* * * LOW HITPOINT WARNING * * *
The orc hits you with a +0 whip.
* * * LOW HITPOINT WARNING * * *
It was a potion of flight.
You feel more buoyant. The orc hits you with a +0 whip.
* * * LOW HITPOINT WARNING * * *
The orc hits you with a +0 dagger.
You die...

##.### # ....# '#
#.#.# ... ##.#.#
.... #....## .o...
###...)o####......
#.....@oo.o'......
#.#.#...####......
#.#.#.##..# .....
#....>....# ....
###....##.# ...
#.#.###.# +#
#.#.###.#
#.......#
###.#####


You could see 4 orcs.

Vanquished Creatures
  An orc wizard (D:3)
  An adder (D:3)
  2 worms (D:2)
  2 bats
  4 endoplasms
  2 giant cockroaches (D:2)
  5 goblins
  4 hobgoblins
  6 jackals (D:1)
  3 kobolds
  A quokka (D:1)
  2 ball pythons (D:2)
  A frilled lizard (D:2)
  6 rats
40 creatures vanquished.

Vanquished Creatures (others)
  63 foxfires
63 creatures vanquished.

Grand Total: 103 creatures vanquished

Notes
Turn   | Place    | Note
-------+----------+-------------------------------------------
     0 | D:1      | NinjaNoafa the Djinni Fire Elementalist began the quest for
                  | the Orb.
     0 | D:1      | NinjaNoafa set off with the following spells memorised:
                  | Foxfire, Scorch, Volatile Blastmotes, Inner Flame, Flame
                  | Wave.
     0 | D:1      | Reached XP level 1. HP: 15/15 MP: 0/0
    89 | D:1      | Reached XP level 2. HP: 12/22 MP: 0/0
   253 | D:1      | Reached skill level 1 in Fighting
   418 | D:1      | Reached XP level 3. HP: 24/27 MP: 0/0
   418 | D:1      | Learned a level 1 spell: Beastly Appendage
   505 | D:1      | Reached skill level 3 in Spellcasting
  1418 | D:2      | Reached XP level 4. HP: 26/32 MP: 0/0
  1606 | D:3      | Slain by an orc

Illustrated notes

Levels and vault maps discovered:
D:1:      nzn_arrival_crosshair, layout_basic, serial_glass, glass_columns_b,
          glass_columns_a, glass_columns_a, glass_columns_a, glass_columns_a,
          glass_columns_b, minmay_strange_pillars, minmay_strange_pillars,
          item_on_display_a, minmay_misc_feat_columns, minmay_pentomino_v2
D:2:      layout_loops_corners
D:3:      layout_loops_corners, shapermc_ecumenical_altar_flowoftime

Skill      XL: |  1  2  3  4 |
---------------+-------------+-----
Fighting       | 1 2 |  2.0
Spellcasting   | 3 |  3.5
Dodging        | |  2.1
Stealth        | |  1.5

Action                     |  1- 3 |  4- 6 || total
---------------------------+-------+-------++-------
  Melee: Dagger            |    19 |       ||    19
         Headbutt          |     3 |       ||     3
         Punch             |     1 |       ||     1
   Cast: Foxfire           |    41 |     1 ||    42
         Scorch            |     4 |     1 ||     5
         Beastly Appendage |     4 |       ||     4
         Volatile Blastmot |     3 |     4 ||     7
         Inner Flame       |     3 |     2 ||     5
    Use: Potion            |       |     1 ||     1
   Stab: Sleeping          |     1 |       ||     1
 Armour: Robe              |     1 |       ||     1
  Dodge: Dodged            |    20 |     1 ||    21

Table legend: (Time is in decaauts)
 A = Elapsed time spent in this place.
 B = Non-inter-level travel time spent in this place.
 C = Inter-level travel time spent in this place.
 D = Time resting spent in this place.
 E = Time spent auto-exploring this place.
 F = Levels seen in this place.
 G = Mean time per level.
                   A        B        C        D        E       F      G
               +--------+--------+--------+--------+--------+-----+--------+
         Total |   1604 |   1559 |     45 |      7 |   1152 |   3 |  534.7 |
       Dungeon |   1604 |   1559 |     45 |      7 |   1152 |   3 |  534.7 |
               +--------+--------+--------+--------+--------+-----+--------+

Top non-repeatable levels by time:
     D:2: 894 daAuts
     D:1: 639 daAuts
     D:3: 70 daAuts
